 Dungeon Crawl Stone Soup version 0.30-a0-782-ge64f9170bb (webtiles) character file.

Game seed: 1890932560118908287

30 Mickster the Covered (level 2, -2/24 (25) HPs)
             Began as a Demigod Fighter on Feb 18, 2023.
             Slain by Crazy Yiuf
             ... wielding a +4 quarterstaff of chaos
              (5 damage)
             ... while petrified by Crazy Yiuf
             ... on level 2 of the Dungeon.
             The game lasted 00:19:49 (1219 turns).

Mickster the Covered (Demigod Fighter)              Turns: 1219, Time: 00:19:49

HP:   -2/24 (25)    AC:  7    Str: 17    XL:     2   Next: 87%
MP:   0/4           EV:  2    Int: 10    God:
Gold: 56            SH:  0    Dex: 13    Spells: 1/1 levels left

rFire   . . .      SeeInvis .    k - +2 dagger (protect)
rCold   . . .      Faith    .    c - +0 buckler
rNeg    + + +      Spirit   +    b - +0 scale mail
rPois   ∞          Reflect  .    j - +0 helmet
rElec   .          Harm     .    (no cloak)
rCorr   .          Rampage  .    (no gloves)
Will    .....                    (no boots) Stlth
                                 h - amulet of guardian spirit
HPRegen 0.24/turn                (no ring)
MPRegen 0.09/turn                (no ring)

@: petrified, lightly drained
A: high MP 1, forlorn, divine attributes
a: no special abilities


You were on level 2 of the Dungeon.
You visited 1 branch of the dungeon, and saw 2 of its levels.

You collected 56 gold pieces.

Inventory:

Hand Weapons
 a - a +1 war axe
 e - a +0 mace
 f - a +1 long sword of holy wrath
 k - a +2 dagger of protection (weapon)
Armour
 b - a +0 scale mail (worn)
 c - a +0 buckler (worn)
 j - a +0 helmet (worn)
Jewellery
 h - an amulet of guardian spirit (around neck)
Scrolls
 g - a scroll of teleportation
 i - a scroll of identify
 l - a scroll of enchant weapon
Potions
 d - 2 potions of might


   Skills:
 + Level 2.9 Fighting
 + Level 0.1 Long Blades
 * Level 2.3 Axes
 + Level 3.0 Armour
 + Level 0.1 Dodging
 + Level 2.9 Shields


You had one spell level left.
You didn't know any spells.
Your spell library contained the following spells:

 Spells                   Type           Power      Damage    Failure   Level
 Dazzling Flash           Conj/Hex       0%         N/A       99%         3
 Iskenderun's Mystic Bla  Conj/Tloc      0%         2d3       100%        4
 Starburst                Conj/Fire      0%         6d3       100%        6


Dungeon Overview and Level Annotations

Branches:
Dungeon (2/15)

Shops:
D:2 =

Annotations:
D:2 Crazy Yiuf


Innate Abilities, Weirdness & Mutations

You have an increased reservoir of magic. (+10% MP)
You shall have no god before yourself.
Your divine heritage dramatically boosts your attributes as you level up.


Message History

You kill the worm!
m - a scroll labelled VUICZI ICLOUGU
There are no items here.
Blink to where?
Press: ? - help, Dir - move target
As you read the scroll labelled VUICZI ICLOUGU, it crumbles to dust.
It was a scroll of blinking.
Found a warped hammer.
Found a runed translucent door.
You open the door. You closely miss Crazy Yiuf. Crazy Yiuf misses you.
You hit Crazy Yiuf.
Your weapon exudes an aura of protection.
Crazy Yiuf is moderately wounded.
Crazy Yiuf hits you with a +4 quarterstaff of chaos.
You feel your power leaking away.
You hit Crazy Yiuf.
Crazy Yiuf is heavily wounded.
Crazy Yiuf hits you with a +4 quarterstaff of chaos!
You are slowing down.
You hit Crazy Yiuf.
Crazy Yiuf is heavily wounded.
Crazy Yiuf yells, "Cake!
Citrus mumblescurry song."
Crazy Yiuf closely misses you.
Crazy Yiuf hits you with a +4 quarterstaff of chaos.
Crazy Yiuf freezes you.
Your limbs are stiffening.
You hit Crazy Yiuf but do no damage.
Crazy Yiuf is heavily wounded.
Crazy Yiuf hits you with a +4 quarterstaff of chaos!
* * * LOW HITPOINT WARNING * * *
You feel drained.
You have turned to stone.
Crazy Yiuf twirls on the spot.
Crazy Yiuf barely misses you.
Crazy Yiuf hits you with a +4 quarterstaff of chaos.
Crazy Yiuf freezes you.
Crazy Yiuf hits you with a +4 quarterstaff of chaos!
* * * LOW HITPOINT WARNING * * *
Crazy Yiuf flaps his cloak.
Crazy Yiuf hits you with a +4 quarterstaff of chaos.
Crazy Yiuf hits you with a +4 quarterstaff of chaos!
You die...

#....#
#...#######
#....# ###.#
♣..PP♣ #.#
♣...♣♣ #.#
♣♣.♣♣ #.#
♣.♣♣ #.#
♣♣.♣ #.#
♣.♣♣ #.# ##.
♣♣@♣ ###.##
#.. #g#
#....###.#
...
###...##.##
#...#
#.#......
#..)#
###.####.##
#####
#.#.####.###
#...........
#.#.####.###
#....# #.##.


You could see Crazy Yiuf.

Vanquished Creatures
  A worm (D:2)
  4 ball pythons (D:1)
  2 endoplasms (D:1)
  A giant cockroach (D:1)
  3 goblins (D:1)
  3 hobgoblins (D:1)
  3 jackals (D:1)
  2 kobolds
  A bat (D:2)
  A frilled lizard (D:1)
  5 rats (D:1)
26 creatures vanquished.

Notes
Turn   | Place    | Note
-------+----------+-------------------------------------------
     0 | D:1      | Mickster the Demigod Fighter began the quest for the Orb.
     0 | D:1      | Reached XP level 1. HP: 18/18 MP: 3/3
    56 | D:1      | Reached skill level 3 in Armour
   245 | D:1      | Upgraded the game from 0.30-a0-779-g7971cf19c3 to
                  | 0.30-a0-782-ge64f9170bb
   276 | D:1      | Reached XP level 2. HP: 25/25 MP: 4/4
  1102 | D:2      | Found Jaifonif's Jewellery Shop.
  1205 | D:2      | Found a runed translucent door.
  1206 | D:2      | Noticed Crazy Yiuf
  1219 | D:2      | Slain by Crazy Yiuf

Illustrated notes

Levels and vault maps discovered:
D:1:      minmay_arrival_five_plusses, layout_loops_ring, minmay_heptomino_d4
D:2:      layout_rooms, serial_shops, nicolae_shop_trees, shop,
          basic_ecumenical_altar, minmay_misc_feat_alley,
          uniq_crazy_yiuf_cottage

Skill      XL: |  1  2 |
---------------+-------+-----
Armour         | 3 |  3.0
Axes           | 2 |  2.3
Fighting       | |  2.9
Long Blades    | |  0.1
Dodging        | |  0.1
Shields        | |  2.9

Action                     || total
---------------------------++-------
  Melee: War axe           ||    56
         Dagger            ||    23
         Long sword        ||    18
    Use: Scroll            ||     6
         Potion            ||     3
 Armour: Scale mail        ||    51
  Dodge: Dodged            ||    42
  Block: Buckler           ||    24

Table legend: (Time is in decaauts)
 A = Elapsed time spent in this place.
 B = Non-inter-level travel time spent in this place.
 C = Inter-level travel time spent in this place.
 D = Time resting spent in this place.
 E = Time spent auto-exploring this place.
 F = Levels seen in this place.
 G = Mean time per level.
                   A        B        C        D        E       F      G
               +--------+--------+--------+--------+--------+-----+--------+
         Total |   1253 |   1208 |     45 |    233 |      0 |   2 |  626.5 |
       Dungeon |   1253 |   1208 |     45 |    233 |      0 |   2 |  626.5 |
               +--------+--------+--------+--------+--------+-----+--------+

Top non-repeatable levels by time:
     D:1: 1035 daAuts
     D:2: 218 daAuts
